 Dungeon Crawl Stone Soup version 0.24.0-13-gcf9b319 (webtiles) character file.

Game seed: 2400169844895981355, levelgen mode: deterministic

85024 Fang the Warrior (level 15, -2/103 HPs)
             Began as a Gargoyle Berserker on Nov 12, 2019.
             Was a High Priest of Trog.
             Slain by an orc warrior
             ... wielding a +0 trident
             ... summoned by an orange crystal statue
              (4 damage)
             ... on level 1 of the Orcish Mines.
             The game lasted 00:24:10 (25321 turns).

Fang the Warrior (Gargoyle Berserker)              Turns: 25321, Time: 00:24:11

Health: -2/103     AC: 36    Str: 22    XL:     15   Next: 82%
Magic:  1/5        EV:  9    Int: -11 (9) God:    Trog [*****.]
Gold:   1808       SH:  0    Dex:  9    Spells: 14/14 levels left

rFire    . . .     SeeInvis +   L - +12 hand axe "Tushreuhu" {antimagic, +Rage rC+ Str-4 SInv}
rCold    + . .     Gourm    .   B - +0 shield
rNeg     + . .     Faith    .   b - +0 plate armour
rPois    ∞         Spirit   .   n - +0 hat {MR+}
rElec    +         Reflect  .   p - scarf {cloud immunity}
rCorr    +         Harm     .   U - +0 pair of gloves
MR       ++...                  m - +2 pair of boots {Fly}
Stlth    ..........             A - amulet of the acrobat
HPRegen  0.27/turn              r - +3 ring of protection
MPRegen  0.09/turn              x - ring of resist corrosion

@: confused, flying, slowed, lost intelligence, very slow
A: big wings, negative energy resistance 1, electricity resistance, unbreathing,
petrification resistance, rot immunity, AC +11
a: Stop Flying, Berserk, Trog's Hand, Brothers in Arms, Renounce Religion, Evoke
Berserk Rage


You were on level 1 of the Orcish Mines.
You worshipped Trog.
Trog was extremely pleased with you.
You were not hungry.

You visited 5 branches of the dungeon, and saw 24 of its levels.

You collected 1888 gold pieces.
You spent 80 gold pieces at shops.

Inventory:

Hand Weapons
 a - a +1 war axe of freezing
 i - the +11 hand axe of the Endless Expanse {pain, Str+6 Dex+3}
   (You found it on level 3 of the Lair of Beasts)

   In the hands of one skilled in necromantic magic, it inflicts extra damage on
   living creatures.
   It affects your strength (+6).
   It affects your dexterity (+3).
 z - a +0 hand axe of flaming
 L - the +12 hand axe "Tushreuhu" (weapon) {antimagic, +Rage rC+ Str-4 SInv}
   (You found it on level 10 of the Dungeon)

   It reduces the magical energy of the wielder, and disrupts the spells and
   magical abilities of those hit.
   Natural abilities and divine invocations are not affected.
   It affects your strength (-4).
   It protects you from cold.
   It lets you see invisible.
   It lets you go berserk.
Armour
 b - a +0 plate armour (worn)
 m - a +2 pair of boots of flying (worn)
 n - a +0 hat of magic resistance (worn)
 p - a scarf of cloud immunity (worn)
 B - a +0 shield (worn)
 U - a +0 pair of gloves (worn)
Jewellery
 r - a +3 ring of protection (left hand)
 x - a ring of resist corrosion (right hand)
 y - an uncursed ring of protection from cold
 A - an amulet of the acrobat (around neck)
 J - an uncursed ring of protection from magic
Wands
 v - a wand of flame (37)
 D - a wand of random effects (25)
 E - a wand of iceblast (19)
 K - a wand of clouds (4)
 O - a wand of disintegration (15)
 Q - a wand of paralysis (13)
Scrolls
 d - 3 scrolls of fear
 e - 12 scrolls of identify
 h - 4 scrolls of fog
 j - 14 scrolls of remove curse
 k - 9 scrolls of teleportation
 l - 5 scrolls of enchant weapon
 w - 4 scrolls of magic mapping
 I - 3 scrolls of blinking
 M - a scroll of brand weapon
Potions
 f - 5 potions of ambrosia
 g - 8 potions of haste
 o - 5 potions of might
 q - 4 potions of heal wounds
 s - a potion of agility
 t - 2 potions of invisibility
 u - 3 potions of magic
 C - 9 potions of curing
 H - a potion of resistance
 N - a potion of berserk rage
 T - 4 potions of mutation
Comestibles
 c - 41 rations
 F - a chunk of flesh


   Skills:
 + Level 15.0 Fighting
 + Level 12.9 Axes
 + Level 14.9 Armour
 + Level 11.9 Dodging


You had 14 spell levels left.
You didn't know any spells.
Your spell library was empty.

Dungeon Overview and Level Annotations

Branches:
Dungeon (15/15)            Temple (1/1) D:6            Lair (6/6) D:9
 Shoals (0/4) Lair:4        Snake (0/4) Lair:4        Slime (1/5) Lair:5
    Orc (1/2) D:12         Vaults (0/5) D:13         Depths (0/5) D:15

Altars:
Ashenzari
Elyvilon
Gozag
Hepliaklqana
Makhleb
Okawaru
Qazlal
Ru
Sif Muna
Trog
Vehumet
Wu Jian
Xom
Jiyva

Shops:
D:7 :!   D:9 [   D:14 [   D:15 *

Portals:
Trove: D:12 (give +3 shadow dragon scales)

Annotations:
D:14 2 transporters, Zav Goul's ghost, journeyman CeHu
Lair:3 exclusion: 3 oklob plants
Orc:1 1 runed translucent door, exclusion: 4 orange crystal statues


Innate Abilities, Weirdness & Mutations

You are resistant to torment.
Your stone body is resilient. (AC +11)
You are immune to poison.
Your large and strong wings let you fly indefinitely.
You resist negative energy. (rN+)
You are resistant to electric shocks. (rElec)
You can survive without breathing.
You are immune to petrification.
You are immune to rotting.


Message History

The orc wizard casts a spell.
The orc wizard blinks!
The orc warrior completely misses you.
The orc warrior hits you but does no damage.
The orc warrior completely misses you.
The orc warrior hits you but does no damage.
The hellwing hits you but does no damage. x2
The gnoll barely misses you. The gnoll hits you but does no damage.
The orc wizard hits you but does no damage.
The ogre barely misses you.
You're too confused to move!
The orange crystal statue fixes its piercing gaze on you.
You feel dopey. Something feeds on your intellect!
The orc priest looks satisfied for a moment.
The orc wizard casts a spell at you. The magic dart hits you.
* * * LOW HITPOINT WARNING * * *
The ogre hits you but does no damage.
The orc warrior hits you from afar with a +0 trident.
You die...

##.......### #....#
####..........#####..##
#..............#.#....#
#.####+####...#......##
#.#8.3...8#..#......###
#.#.#4oo#.#............
#.#.ooooo.#............
##.#.oo4OC.#............
##..#ooo@ooo#...........# ##
#...#.#ooO#.#.........### .#####
#...#8.ogg.8#...........# ..##.##
#...####'####.#..........
[##...###....................#...
......##.#...#.#)#............##.
..........#.....)).....).......##
...............#)#.#.#.)......##
...#<...#.....########)).....##


You could see 4 orange crystal statues, an orc high priest, a cyclops, a
hellwing, a neqoxec, a red devil, 6 orc warriors, 2 ogres, an orc priest, 4 orc
wizards, 2 gnolls and 6 orcs.

Vanquished Creatures
  Kirke (Lair:4)
  An orc warlord (Orc:1)
  Josephine (D:11)
  A hydra (Lair:6)
  A catoblepas (Lair:6)
  Erolcha (D:11)
  6 vault guards (D:13)
  3 centaur warriors
  Erica (D:10)
  2 death knights
  4 two-headed ogres
  A death yak (Lair:6)
  2 tengu warriors (D:13)
  Urug (Lair:4)
  Sonja (Lair:6)
  Nergalle (D:10)
  A skeletal warrior (D:13)
  4 unseen horrors
  An orc knight (D:14)
  Pikel (D:7)
  A phantasmal warrior (D:13)
  2 wolf spider zombies
  A deep elf mage (D:14)
  14 ugly things
  4 lindwurms (Lair:3)
  2 cyclopes
  2 manticores (D:12)
  6 elephants
  4 merfolk sirens (Lair:4)
  A guardian serpent (shapeshifter) (D:15)
  6 black mambas
  4 spiny frogs
  3 gargoyles
  3 kobold demonologists
  An efreet (D:13)
  5 komodo dragons
  4 freezing wraiths
  10 polar bears
  8 trolls
  A red devil (D:14)
  3 hornets (D:8)
  A raiju (Lair:6)
  10 blink frogs
  4 hippogriffs
  15 dream sheep (Lair:6)
  2 vampires
  Sigmund (D:3)
  4 slime creatures (D:15)
  42 yaks
  4 basilisks
  3 wyverns
  3 hogs (Lair:4)
  5 wraiths
  3 hungry ghosts
  6 vampire mosquitoes
  4 wargs (Lair:6)
  A soldier ant (D:8)
  A naga (Lair:4)
  7 water moccasins
  4 slaves (D:7)
  16 hell hounds (Lair:6)
  15 orc warriors
  7 porcupines
  A sky beast (D:12)
  A tengu (shapeshifter) (D:15)
  12 black bears
  An eye of draining (Lair:5)
  4 ice beasts
  8 ogres
  18 wolves
  3 phantoms
  15 centaurs
  4 boggarts (D:15)
  2 big kobolds
  13 crocodiles
  2 gnoll sergeants
  15 bullfrogs
  2 wyvern skeletons
  2 scorpions
  7 killer bees
  4 wights (D:13)
  2 howler monkeys
  7 crimson imps
  4 centaur zombies
  A bullfrog zombie (D:5)
  4 hounds
  A quasit (D:10)
  2 jellies (D:10)
  12 orc priests
  2 bullfrog skeletons
  14 orc wizards
  5 centaur skeletons
  3 iguanas
  Natasha (thrice) (D:4)
  9 worker ants
  5 hell rats (Lair:6)
  A hound zombie (D:5)
  A hound skeleton (D:7)
  A worker ant zombie (D:10)
  Robin (D:3)
  13 gnolls
  13 adders
  2 shadow imps
  An ufetubus (D:14)
  2 oozes
  An adder skeleton (D:7)
  4 worms
  4 dart slugs
  3 leopard geckos
  52 orcs
  5 giant cockroaches
  19 goblins
  13 hobgoblins
  13 jackals
  13 kobolds
  4 quokkas
  10 bats
  7 frilled lizards
  4 rats
  3 fungi
  9 plants (Lair:6)
665 creatures vanquished.

Vanquished Creatures (collateral kills)
  2 vault guards (D:13)
  A hydra (D:14)
  2 slime creatures (D:15)
  2 spiny frogs (Lair:6)
  A hippogriff (Lair:6)
  A blink frog (Lair:2)
  Prince Ribbit (Lair:2)
  A wyvern (Lair:6)
  A wolf (Lair:6)
  A killer bee (D:9)
13 creatures vanquished.

Vanquished Creatures (others)
  A giant cockroach (D:5)
  A leopard gecko skeleton (D:4)
  6 fungi
  25 plants
33 creatures vanquished.

Grand Total: 711 creatures vanquished

Notes
Turn   | Place    | Note
-------+----------+-------------------------------------------
     0 | D:1      | Fang the Gargoyle Berserker began the quest for the Orb.
     0 | D:1      | Reached XP level 1. HP: 14/14 MP: 1/1
     0 | D:1      | Noticed a large abomination
     1 | D:1      | Noticed a large abomination
     5 | D:1      | Noticed an orb of fire
     8 | D:1      | Noticed a large abomination
    10 | D:1      | Noticed a tentacled monstrosity
    10 | D:1      | Noticed a black draconian
    12 | D:1      | Noticed an iron dragon
    14 | D:1      | Noticed an iron dragon
    14 | D:1      | Noticed an orb of fire
    16 | D:1      | Noticed a shadow dragon
    16 | D:1      | Noticed a tentacled monstrosity
    18 | D:1      | Noticed a green draconian
    20 | D:1      | Noticed a large abomination
    82 | D:1      | Reached XP level 2. HP: 2/19 MP: 2/2
   737 | D:1      | Reached XP level 3. HP: 18/23 MP: 3/3
   770 | D:1      | Reached ** piety under Trog
  1173 | D:2      | Found a shimmering altar of Xom.
  1173 | D:2      | Found a burning altar of Makhleb.
  1286 | D:2      | Reached XP level 4. HP: 20/29 MP: 4/4
  1568 | D:2      | Reached skill level 4 in Fighting
  2056 | D:2      | Reached XP level 5. HP: 33/33 MP: 5/5
  2732 | D:3      | Reached *** piety under Trog
  2751 | D:3      | Reached XP level 6. HP: 21/39 MP: 6/6
  2799 | D:3      | Found a shattered altar of Ashenzari.
  2808 | D:3      | Noticed Robin
  2842 | D:3      | Killed Robin
  3471 | D:3      | Noticed Sigmund
  3482 | D:3      | Killed Sigmund
  3482 | D:3      | Reached skill level 5 in Fighting
  3482 | D:3      | Reached XP level 7. HP: 44/44 MP: 7/7
  3857 | D:4      | Found a stormy altar of Qazlal.
  3884 | D:4      | Found a bloodstained altar of Trog.
  3885 | D:4      | Found a sacrificial altar of Ru.
  3886 | D:4      | Found a radiant altar of Vehumet.
  4097 | D:4      | Found an iron altar of Okawaru.
  4168 | D:4      | Noticed Natasha
  4177 | D:4      | Killed Natasha
  4536 | D:4      | Noticed Natasha
  4555 | D:4      | Killed Natasha
  4594 | D:4      | Noticed Natasha
  4599 | D:4      | Killed Natasha
  4836 | D:5      | Entered Level 5 of the Dungeon
  4897 | D:5      | Reached skill level 5 in Armour
  4897 | D:5      | Reached **** piety under Trog
  5148 | D:5      | Reached XP level 8. HP: 51/51 MP: 8/8
  5415 | D:5      | Reached skill level 6 in Fighting
  5415 | D:5      | Reached skill level 5 in Axes
  5437 | D:5      | Found a white marble altar of Elyvilon.
  6630 | D:6      | Found a staircase to the Ecumenical Temple.
  6689 | Temple   | Entered the Ecumenical Temple
  7007 | D:7      | Reached XP level 9. HP: 35/56 MP: 9/9
  7215 | D:7      | Found Xiponn's Distillery.
  7225 | D:7      | Reached skill level 7 in Fighting
  7233 | D:7      | Bought a potion of heal wounds for 80 gold pieces
  7255 | D:7      | Reached skill level 5 in Dodging
  7274 | D:7      | Noticed Pikel
  7290 | D:7      | Killed Pikel
  7598 | D:7      | Found Osouca Orrih's Book Shoppe.
  7827 | D:7      | Found a hazy altar of Hepliaklqana.
  7989 | D:7      | Found a shimmering blue altar of Sif Muna.
  8286 | D:8      | Reached ***** piety under Trog
  8334 | D:8      | Reached skill level 8 in Fighting
  8377 | D:8      | Found an ornate altar of the Wu Jian Council.
  8549 | D:8      | Received a gift from Trog
  8615 | D:8      | Reached XP level 10. HP: 60/64 MP: 3/10
  9717 | D:9      | Found an opulent altar of Gozag.
 10218 | D:9      | Found Sueh's Armour Emporium.
 10475 | D:9      | Found a staircase to the Lair.
 10557 | D:10     | Entered Level 10 of the Dungeon
 10566 | D:10     | Noticed a gargoyle
 10575 | D:10     | Killed a gargoyle
 10575 | D:10     | Reached skill level 9 in Fighting
 10615 | D:10     | Noticed a two-headed ogre
 10622 | D:10     | Killed a two-headed ogre
 10700 | D:10     | Noticed Nergalle
 10717 | D:10     | Killed Nergalle
 10717 | D:10     | Reached XP level 11. HP: 63/72 MP: 3/11
 11194 | D:10     | Got a bloodstained hand axe
 11195 | D:10     | Identified the +12 hand axe "Tushreuhu" {antimagic, +Rage
                  | rC+ Str-4 SInv} (You found it on level 10 of the Dungeon)
 11324 | D:10     | Noticed Erica
 11338 | D:10     | Killed Erica
 11338 | D:10     | Reached skill level 10 in Fighting
 11512 | D:11     | Noticed Josephine
 11512 | D:11     | Noticed a purple ugly thing
 11520 | D:11     | Killed a purple ugly thing
 11525 | D:11     | Killed Josephine
 11525 | D:11     | Reached skill level 10 in Armour
 11593 | D:11     | Noticed Erolcha
 11594 | D:11     | Noticed a white ugly thing
 11604 | D:11     | Killed Erolcha
 11612 | D:11     | Killed a white ugly thing
 11769 | D:11     | Noticed a cyclops
 11795 | D:11     | Killed a cyclops
 11795 | D:11     | Received a gift from Trog
 12445 | Lair:1   | Entered Level 1 of the Lair of Beasts
 12497 | Lair:1   | Reached XP level 12. HP: 68/79 MP: 4/12
 12583 | Lair:1   | Reached skill level 11 in Fighting
 13639 | Lair:2   | Noticed Prince Ribbit
 13670 | Lair:2   | Killed Prince Ribbit
 14787 | Lair:3   | Reached skill level 10 in Axes
 14869 | Lair:3   | Got a steaming hand axe
 14870 | Lair:3   | Identified the +11 hand axe of the Endless Expanse {pain,
                  | Str+6 Dex+3} (You found it on level 3 of the Lair of
                  | Beasts)
 14973 | Lair:3   | Reached skill level 12 in Fighting
 15093 | Lair:3   | Reached XP level 13. HP: 86/86 MP: 4/13
 15298 | Lair:4   | Noticed Kirke
 15314 | Lair:4   | Killed Kirke
 15467 | Lair:4   | Found a staircase to the Shoals.
 15510 | Lair:4   | Noticed Urug
 15530 | Lair:4   | Killed Urug
 15549 | Lair:4   | Found a staircase to the Snake Pit.
 15566 | Lair:4   | Received a gift from Trog
 16752 | Lair:5   | Found a viscous altar of Jiyva.
 16753 | Lair:5   | Found a staircase to the Slime Pits.
 16977 | Slime:1  | Entered Level 1 of the Pits of Slime
 16977 | Slime:1  | Noticed an acid blob
 16977 | Slime:1  | Noticed an acid blob
 16977 | Slime:1  | Noticed an acid blob
 16998 | Lair:6   | Entered Level 6 of the Lair of Beasts
 17072 | Lair:6   | Reached skill level 10 in Dodging
 17389 | Lair:6   | Reached skill level 13 in Fighting
 17441 | Lair:6   | Gained mutation: Your large and strong wings let you fly
                  | indefinitely. [Gargoyle growth]
 17441 | Lair:6   | Reached XP level 14. HP: 34/94 MP: 4/14
 17837 | Lair:6   | Received a gift from Trog
 18333 | Lair:6   | Noticed Sonja
 18346 | Lair:6   | Killed Sonja
 19626 | D:12     | Found a portal to a secret trove of treasure.
 19999 | D:12     | Found a staircase to the Orcish Mines.
 20652 | D:13     | Reached skill level 14 in Fighting
 20985 | D:13     | Found a gate to the Vaults.
 21001 | D:13     | Reached ****** piety under Trog
 21066 | D:13     | Reached XP level 15. HP: 100/100 MP: 5/15
 21203 | D:13     | Received a gift from Trog
 22363 | D:14     | Found a transporter.
 22364 | D:14     | Noticed Zav Goul's ghost (journeyman CeHu)
 22374 | D:14     | Found a transporter.
 22375 | D:14     | Identified the cursed +3 great mace of Ravage {flame,
                  | Int+3}
 22375 | D:14     | Noticed a fire giant
 23038 | D:14     | Found Adiobb's Armour Boutique.
 23208 | D:15     | Entered Level 15 of the Dungeon
 23456 | D:15     | Found Bounli's Blood Bar.
 24093 | D:15     | Received a gift from Trog
 24210 | D:15     | Found a staircase to the Depths.
 24542 | Orc:1    | Entered Level 1 of the Orcish Mines
 24672 | Orc:1    | Found a runed translucent door.
 24678 | Orc:1    | Found the +10 large shield of Ignorance {rN+ Int-4}
 24727 | Orc:1    | Found a runed translucent door.
 25015 | Orc:1    | Noticed an orc warlord
 25039 | Orc:1    | Killed an orc warlord
 25039 | Orc:1    | Reached skill level 15 in Fighting
 25306 | Orc:1    | Lost intelligence.
 25321 | Orc:1    | HP: 2/103 [orc wizard/magic dart[an orange crystal statue]
                  | (6)]
 25321 | Orc:1    | Slain by an orc warrior

Levels and vault maps discovered:
D:1:      shiori_arrival_whats_in_store_for_you, layout_loops_ring
D:2:      layout_loops_corners, chequers_temple_overflow_statue_of_worship,
          first_ration, kennysheep_small_spiral
D:3:      layout_loops_ring, nicolae_overflow_crystal_walls,
          kennysheep_generic_room_5, uniq_robin, uniq_sigmund
D:4:      layout_loops_ring, lemuel_doored_altar, grunt_temple_overflow_open,
          grunt_qazlal_clouds, uniq_natasha
D:5:      layout_basic, corexii_item_surrounded_by_moat, elyvilon_altar_4
D:6:      layout_rooms, temple_green
D:7:      layout_cave_pods, lemuel_round_altar, led_sif_pool, serial_shops,
          shop, shop, uniq_pikel
D:8:      layout_basic, lemuel_coloured_pillars_altar, hangedman_pestilent_swarm
D:9:      layout_loops_corners, nicolae_gozag_seed_capital, lair_entry_dummy,
          serial_shops, shop
D:10:     layout_rooms, uniq_erica, uniq_nergalle
D:11:     layout_roguey, uniq_erolcha, uniq_josephine
D:12:     layout_basic, orc_0_dummy, enter_trove_3,
          onia_ninara_dug_in_and_dangerous
D:13:     layout_long_grid, erik_vaults_2
D:14:     kennysheep_demon_hangout, layout_gridville, serial_shops, shop,
          minmay_misc_feat_cross, gammafunk_ghost_smash
D:15:     gammafunk_enter_depths_forms, layout_loops_ring, hangedman_decor_push,
          guppyfry_shop_blood
Temple:   pf_slime_end_temple
Lair:1:   layout_small_grid, grunt_megastairs_2
Lair:2:   layout_roguey, grunt_megastairs_1, uniq_prince_ribbit2
Lair:3:   layout_misc_corridors, minmay_lindwurm_lava, minmay_lair_oklob_chamber
Lair:4:   layout_cave_pods, elwin_shoals_entry_stream,
          guppyfry_snake_entry_island, uniq_urug, uniq_kirke
Lair:5:   layout_gridlike, slime_altar_1
Lair:6:   hangedman_lair_caniforms_friends, layout_cave_pods,
          nicolae_lair_yak_garden, lemuel_fruit_fields, uniq_sonja
Slime:1:  cheibrodos_slime_lost_civilization_3, layout_caves
Orc:1:    layout_caves, chequers_guarded_unrand_ignorance

Skill      XL: |  1  2  3  4  5  6  7  8  9 10 11 12 13 14 15 |
---------------+----------------------------------------------+-----
Axes           | 3 4 5 6 8 9 10 11 12 | 12.9
Dodging        | 2 3 4 5 7 8 9 10 11 | 11.9
Armour         | 3 4 5 6 7 9 10 11 12 14 | 14.9
Fighting       | 4 5 6 8 9 10 12 13 14 15 | 15.0

Action                   |  1- 3 |  4- 6 |  7- 9 | 10-12 | 13-15 || total
-------------------------+-------+-------+-------+-------+-------++-------
Melee: Hand axe          |    96 |   256 |   684 |   377 |  1363 ||  2776
       Battleaxe         |       |       |    11 |   227 |       ||   238
Invok: Berserk           |     1 |     6 |     7 |    11 |    16 ||    41
       Trog's Hand       |       |     1 |       |     1 |     1 ||     3
       Brothers in Arms  |       |       |       |     2 |     4 ||     6
  Use: Scroll            |       |       |       |    24 |     6 ||    30
       Potion            |       |       |       |       |     4 ||     4
 Stab: Sleeping          |     1 |       |       |       |       ||     1
  Eat: Chunk             |     2 |    12 |    23 |    28 |    40 ||   105
       Ration            |       |       |     1 |     2 |     4 ||     7
Armor: Animal skin       |    31 |    98 |   190 |       |       ||   319
       Chain mail        |       |       |   201 |   230 |       ||   431
       Plate armour      |       |       |       |   163 |  1059 ||  1222
Dodge: Dodged            |    65 |   157 |   429 |   405 |   764 ||  1820
Block: Shield            |       |       |       |       |   224 ||   224
